TOP OF THE 1ST |
Wisconsin Rapids Rangers batting - Pitching for Columbia 08s : RHP Curt Howard
|
Pitching: RHP Curt Howard
|
|
Batting: RHB Paul Richard
|
0-0: Ball 1-0: Swinging Strike 1-1: Fly out, F8 (Flyball, 8RM)
|
Batting: LHB Alex Henderson
|
0-0: Foul Ball, location: 2F 0-1: Ball 1-1: Ball 2-1: Fly out, F4 (Popup, 89S)
|
Batting: SHB Ricardo Arévalo
|
0-0: Ball 1-0: Called Strike 1-1: Ball 2-1: Foul Ball, location: 2F 2-2: Foul Ball, location: 2F 2-2: Ball 3-2: Foul Ball, location: 2F 3-2: Fly out, F9 (Flyball, 9LM)
|
Top of the 1st over - 0 run(s), 0 hit(s), 0 error(s), 0 left on base; Wisconsin Rapids 0 - Columbia 0 |
BOTTOM OF THE 1ST |
Columbia 08s batting - Pitching for Wisconsin Rapids Rangers : RHP Ben Messer
|
Pitching: RHP Ben Messer
|
|
Batting: RHB Jeffrey Hicks
|
0-0: Foul Ball, location: 2F 0-1: Foul Ball, location: 2F 0-2: Fly out, F8 (Flyball, 89M)
|
Batting: RHB Irving Galloway
|
0-0: Foul Ball, location: 2F 0-1: Swinging Strike 0-2: Ball 1-2: Strikes out swinging
|
Batting: RHB Ricardo Salazar
|
0-0: Ground out 4-3 (Groundball, 4M)
|
Bottom of the 1st over - 0 run(s), 0 hit(s), 0 error(s), 0 left on base; Wisconsin Rapids 0 - Columbia 0 |
TOP OF THE 2ND |
Wisconsin Rapids Rangers batting - Pitching for Columbia 08s : RHP Curt Howard
|
Batting: RHB Danny Campbell
|
0-0: Called Strike 0-1: Foul Ball, location: 2F 0-2: Ball 1-2: Foul Ball, location: 2F 1-2: Ball 2-2: Ground out 6-3 (Groundball, 6M)
|
Batting: RHB John Denton
|
0-0: Swinging Strike 0-1: Foul Ball, location: 2F 0-2: Ball 1-2: Ball 2-2: Ground out 5-3 (Groundball, 5)
|
Batting: RHB Dick Slagboom
|
0-0: Foul Ball, location: 2F 0-1: Called Strike 0-2: Ball 1-2: Fly out, F8 (Flyball, 8RM)
|
Top of the 2nd over - 0 run(s), 0 hit(s), 0 error(s), 0 left on base; Wisconsin Rapids 0 - Columbia 0 |
BOTTOM OF THE 2ND |
Columbia 08s batting - Pitching for Wisconsin Rapids Rangers : RHP Ben Messer
|
Batting: LHB Robert Moore
|
0-0: Ground out 3-1 (Groundball, 34)
|
Batting: RHB Chris Jones
|
0-0: Called Strike 0-1: Foul Ball, location: 2F 0-2: Ball 1-2: Foul Ball, location: 2F 1-2: Foul Ball, location: 2F 1-2: Strikes out swinging
|
Batting: RHB Pat Fernández
|
0-0: Called Strike 0-1: Ground out 6-3 (Groundball, 6M)
|
Bottom of the 2nd over - 0 run(s), 0 hit(s), 0 error(s), 0 left on base; Wisconsin Rapids 0 - Columbia 0 |
TOP OF THE 3RD |
Wisconsin Rapids Rangers batting - Pitching for Columbia 08s : RHP Curt Howard
|
Batting: LHB Ramón Córdova
|
0-0: Foul Ball, location: 2F 0-1: Ball 1-1: Ball 2-1: Ball 3-1: Base on Balls
|
Batting: RHB Cherles Vilo
|
0-0: Fly out, F4 (Popup, 4MD)
|
Batting: RHB Robert Acosta
|
0-0: Fielders Choice at 2nd, 4-6 (Groundball, 4)
|
Batting: RHB Paul Richard
|
0-0: Ball 1-0: Ball Robert Acosta steals 2nd base 2-0: Called Strike 2-1: Ground out 5-3 (Groundball, 56)
|
Top of the 3rd over - 0 run(s), 0 hit(s), 0 error(s), 1 left on base; Wisconsin Rapids 0 - Columbia 0 |
BOTTOM OF THE 3RD |
Columbia 08s batting - Pitching for Wisconsin Rapids Rangers : RHP Ben Messer
|
Batting: SHB William Hamilton
|
0-0: Ball 1-0: Ball 2-0: Foul Ball, location: 2F 2-1: Ball 3-1: Base on Balls
|
Batting: RHB Ben Barker
|
0-0: Called Strike 0-1: Ball 1-1: Called Strike 1-2: Fielders Choice at 2nd, 6-4 (Groundball, 6MD)
|
Batting: RHB Henry Fox
|
0-0: Called Strike 0-1: Ball 1-1: Ground out 3-1 (Groundball, 34) Ben Barker to second
|
Batting: RHB Jeffrey Hicks
|
0-0: Ball 1-0: Ball 2-0: Ball 3-0: Base on Balls
|
Batting: RHB Irving Galloway
|
0-0: Called Strike 0-1: SINGLE (Groundball, 56D) Ben Barker to third Jeffrey Hicks to second Runner from 3rd tries for Home, SAFE, no throw or cutoff
|
Batting: RHB Ricardo Salazar
|
0-0: Ball 1-0: Foul Ball, location: 2F 1-1: Foul Ball, location: 2F 1-2: Ball 2-2: Strikes out swinging
|
Bottom of the 3rd over - 1 run(s), 1 hit(s), 0 error(s), 2 left on base; Wisconsin Rapids 0 - Columbia 1 |
TOP OF THE 4TH |
Wisconsin Rapids Rangers batting - Pitching for Columbia 08s : RHP Curt Howard
|
Batting: LHB Alex Henderson
|
0-0: Called Strike 0-1: Foul Ball, location: 2F 0-2: Ball 1-2: Ball 2-2: Ground out 3-1 (Groundball, 34)
|
Batting: SHB Ricardo Arévalo
|
0-0: Ball 1-0: Called Strike 1-1: Swinging Strike 1-2: Strikes out looking
|
Batting: RHB Danny Campbell
|
0-0: Swinging Strike 0-1: Ball 1-1: Ball 2-1: Called Strike 2-2: Ball 3-2: SINGLE (Line Drive, 9LM)
|
Batting: RHB John Denton
|
0-0: Swinging Strike 0-1: Foul Ball, location: 2F 0-2: Ball 1-2: Ball 2-2: Ball 3-2: Foul Ball, location: 2F 3-2: Strikes out swinging
|
Top of the 4th over - 0 run(s), 1 hit(s), 0 error(s), 1 left on base; Wisconsin Rapids 0 - Columbia 1 |
BOTTOM OF THE 4TH |
Columbia 08s batting - Pitching for Wisconsin Rapids Rangers : RHP Ben Messer
|
Batting: LHB Robert Moore
|
0-0: Foul Ball, location: 2F 0-1: Ball 1-1: Foul Ball, location: 2F 1-2: Foul Ball, location: 2F 1-2: Strikes out looking
|
Batting: RHB Chris Jones
|
0-0: Called Strike 0-1: Called Strike 0-2: Ground out 6-3 (Groundball, 6)
|
Batting: RHB Pat Fernández
|
0-0: Foul Ball, location: 2F 0-1: Swinging Strike 0-2: Strikes out swinging
|
Bottom of the 4th over - 0 run(s), 0 hit(s), 0 error(s), 0 left on base; Wisconsin Rapids 0 - Columbia 1 |
TOP OF THE 5TH |
Wisconsin Rapids Rangers batting - Pitching for Columbia 08s : RHP Curt Howard
|
Batting: RHB Dick Slagboom
|
0-0: Ball 1-0: Ball 2-0: Swinging Strike 2-1: Foul Ball, location: 2F 2-2: Ball 3-2: Foul Ball, location: 2F 3-2: Foul Ball, location: 2F 3-2: Strikes out looking
|
Batting: LHB Ramón Córdova
|
0-0: Ball 1-0: Ground out 1-3 (Groundball, 23)
|
Batting: RHB Cherles Vilo
|
0-0: Called Strike 0-1: Ball 1-1: Swinging Strike 1-2: Strikes out swinging
|
Top of the 5th over - 0 run(s), 0 hit(s), 0 error(s), 0 left on base; Wisconsin Rapids 0 - Columbia 1 |
BOTTOM OF THE 5TH |
Columbia 08s batting - Pitching for Wisconsin Rapids Rangers : RHP Ben Messer
|
Batting: SHB William Hamilton
|
0-0: Called Strike 0-1: Ball 1-1: Fly out, F4 (Popup, 4D)
|
Batting: RHB Ben Barker
|
0-0: Ball 1-0: Ground out 5-3 (Groundball, 56)
|
Batting: RHB Henry Fox
|
0-0: Called Strike 0-1: Hit by Pitch
|
Batting: RHB Jeffrey Hicks
|
0-0: Called Strike 0-1: Swinging Strike 0-2: Ball 1-2: Ball 2-2: SINGLE (Flyball, 9LS) Henry Fox to second Runner from 2nd tries for 3rd, SAFE, throw made to third
|
Batting: RHB Irving Galloway
|
0-0: Called Strike 0-1: Ball 1-1: Called Strike 1-2: Fielders Choice at 2nd, 6-4 (Groundball, 6)
|
Bottom of the 5th over - 0 run(s), 1 hit(s), 0 error(s), 1 left on base; Wisconsin Rapids 0 - Columbia 1 |
TOP OF THE 6TH |
Wisconsin Rapids Rangers batting - Pitching for Columbia 08s : RHP Curt Howard
|
Batting: RHB Robert Acosta
|
0-0: Ball 1-0: Swinging Strike 1-1: Ball 2-1: Ground out 1-3 (Groundball, 13)
|
Batting: RHB Paul Richard
|
0-0: Called Strike 0-1: Swinging Strike 0-2: Ball 1-2: Strikes out swinging
|
Batting: LHB Alex Henderson
|
0-0: SINGLE (Groundball, 34S)
|
Pitching: LHP Dwight Livingston
|
|
Batting: SHB Ricardo Arévalo
|
0-0: Called Strike 0-1: Foul Ball, location: 2F 0-2: Ball 1-2: Foul Ball, location: 2F 1-2: Ground out U3 (Groundball, 3)
|
Top of the 6th over - 0 run(s), 1 hit(s), 0 error(s), 1 left on base; Wisconsin Rapids 0 - Columbia 1 |
BOTTOM OF THE 6TH |
Columbia 08s batting - Pitching for Wisconsin Rapids Rangers : RHP Ben Messer
|
Batting: RHB Ricardo Salazar
|
0-0: Called Strike 0-1: Ball 1-1: Swinging Strike 1-2: Ground out 4-3 (Groundball, 34)
|
Batting: LHB Robert Moore
|
0-0: Called Strike 0-1: Ball 1-1: Foul Ball, location: 2F 1-2: Foul Ball, location: 2F 1-2: Ball 2-2: Foul Ball, location: 2F 2-2: Strikes out looking
|
Batting: RHB Chris Jones
|
0-0: Ball 1-0: Called Strike 1-1: Foul Ball, location: 2F 1-2: SINGLE (Groundball, 6MD)
|
Pitching: RHP Dallas Albert
|
|
Batting: RHB Pat Fernández
|
0-0: Ball 1-0: Called Strike 1-1: Ball 2-1: Ball 3-1: Base on Balls Chris Jones to second
|
Batting: SHB William Hamilton
|
0-0: Ball 1-0: Ground out 4-3 (Groundball, 34)
|
Bottom of the 6th over - 0 run(s), 1 hit(s), 0 error(s), 2 left on base; Wisconsin Rapids 0 - Columbia 1 |
TOP OF THE 7TH |
Wisconsin Rapids Rangers batting - Pitching for Columbia 08s : LHP Dwight Livingston
|
Batting: RHB Danny Campbell
|
0-0: Called Strike 0-1: Called Strike 0-2: Ball 1-2: Foul Ball, location: 2F 1-2: Ground out 6-3 (Groundball, 6)
|
Batting: RHB John Denton
|
0-0: Ball 1-0: Ball 2-0: Ball 3-0: Called Strike 3-1: Base on Balls
|
Batting: RHB Dick Slagboom
|
0-0: Foul Ball, location: 2F 0-1: Ball 1-1: Foul Ball, location: 2F 1-2: Foul Ball, location: 2F 1-2: Grounds into double play, 5-4-3 (Groundball, 56)
|
Top of the 7th over - 0 run(s), 0 hit(s), 0 error(s), 0 left on base; Wisconsin Rapids 0 - Columbia 1 |
BOTTOM OF THE 7TH |
Columbia 08s batting - Pitching for Wisconsin Rapids Rangers : RHP Dallas Albert
|
Batting: RHB Ben Barker
|
0-0: Called Strike 0-1: Ground out 6-3 (Groundball, 6)
|
Batting: RHB Henry Fox
|
0-0: Ball 1-0: Swinging Strike 1-1: Ball 2-1: Ball 3-1: Foul Ball, location: 2F 3-2: Strikes out looking
|
Batting: RHB Jeffrey Hicks
|
0-0: Called Strike 0-1: Ball 1-1: SINGLE (Groundball, 6MD)
|
Batting: RHB Irving Galloway
|
0-0: Fly out, F8 (Line Drive, 78M)
|
Bottom of the 7th over - 0 run(s), 1 hit(s), 0 error(s), 1 left on base; Wisconsin Rapids 0 - Columbia 1 |
TOP OF THE 8TH |
Wisconsin Rapids Rangers batting - Pitching for Columbia 08s : LHP Dwight Livingston
|
Pitching: LHP León Hernández
|
|
Batting: LHB Ramón Córdova
|
0-0: Ball 1-0: Ball 2-0: Swinging Strike 2-1: Ball 3-1: Called Strike 3-2: Strikes out swinging
|
Pitching: RHP Brad Sharpe
|
|
Batting: RHB Cherles Vilo
|
0-0: Ball 1-0: Foul Ball, location: 2F 1-1: Swinging Strike 1-2: Strikes out looking
|
Batting: RHB Robert Acosta
|
0-0: Called Strike 0-1: Swinging Strike 0-2: Ball 1-2: Strikes out looking
|
Top of the 8th over - 0 run(s), 0 hit(s), 0 error(s), 0 left on base; Wisconsin Rapids 0 - Columbia 1 |
BOTTOM OF THE 8TH |
Columbia 08s batting - Pitching for Wisconsin Rapids Rangers : RHP Dallas Albert
|
Batting: RHB Ricardo Salazar
|
0-0: SINGLE (Line Drive, 89S)
|
Pitching: LHP Ben Reyes
|
|
Batting: LHB Robert Moore
|
0-0: Ball 1-0: Ball 2-0: Fly out, F9 (Flyball, 89M)
|
Pitching: RHP Jack Hampton
|
|
Batting: RHB Chris Jones
|
0-0: Ball 1-0: 2-RUN HOME RUN (Line Drive, 8LXD), Distance : 415 ft
|
Batting: RHB Pat Fernández
|
0-0: Called Strike 0-1: Ball 1-1: SINGLE (Line Drive, 56)
|
Batting: SHB William Hamilton
|
0-0: Ball 1-0: Ball 2-0: SINGLE (Line Drive, 4D) Pat Fernández to second
|
Batting: RHB Ben Barker
|
0-0: Ball 1-0: Ball 2-0: Called Strike 2-1: Ball 3-1: Base on Balls Pat Fernández to third William Hamilton to second
|
Batting: RHB Henry Fox
|
0-0: Fly out, F7 (Flyball, 7M) Runner from 3rd tags up, SCORES, throw made
|
Batting: RHB Jeffrey Hicks
|
0-0: Ball 1-0: Foul Ball, location: 2F 1-1: Ball 2-1: Ball 3-1: Swinging Strike 3-2: Foul Ball, location: 2F 3-2: Strikes out swinging
|
Bottom of the 8th over - 3 run(s), 4 hit(s), 0 error(s), 2 left on base; Wisconsin Rapids 0 - Columbia 4 |
TOP OF THE 9TH |
Wisconsin Rapids Rangers batting - Pitching for Columbia 08s : RHP Brad Sharpe
|
Batting: RHB Paul Richard
|
0-0: Called Strike 0-1: Called Strike 0-2: Ground out 6-3 (Groundball, 6)
|
Batting: LHB Alex Henderson
|
0-0: Called Strike 0-1: SINGLE (Groundball, 34)
|
Batting: SHB Ricardo Arévalo
|
0-0: Ball 1-0: Foul Ball, location: 2F 1-1: Ball 2-1: Swinging Strike 2-2: Grounds into double play, 5-4-3 (Groundball, 56)
|
Top of the 9th over - 0 run(s), 1 hit(s), 0 error(s), 0 left on base; Wisconsin Rapids 0 - Columbia 4 |
|